 Dungeon Crawl Stone Soup version 0.21.0-37-g46506fa (webtiles) character file.

37 JeffiDaFish the Firebug (level 3, -9/26 HPs)
             Began as a Draconian Fire Elementalist on Jan 31, 2018.
             Mangled by Sigmund
             ... wielding a +0 scythe
              (10 damage)
             ... on level 2 of the Dungeon.
             The game lasted 00:03:33 (1610 turns).

JeffiDaFish the Firebug (DrFE)                      Turns: 1610, Time: 00:03:34

Health: -9/26      AC:  5    Str: 10    XL:     3   Next: 21%
Magic:  0/6        EV: 12    Int: 15    God:
Gold:   108        SH:  0    Dex: 12    Spells: 3/6 levels left

rFire    . . .     SeeInvis .   d - +0 dagger
rCold    . . .     Gourm    .   (no shield)
rNeg     . . .     Faith    .   (armour unavailable)
rPois    .         Spirit   .   (helmet restricted)
rElec    .         Reflect  .   (no cloak)
rCorr    .         Harm     .   (no gloves)
MR       .....                  (no boots)
Stlth    ++........             (no amulet)
HPRegen  0.08/turn              (no ring)
MPRegen  0.10/turn              (no ring)

@: no status effects
A: unfitting armour, cold-blooded, AC +5
a: no special abilities


You were on level 2 of the Dungeon.
You were hungry.

You visited 1 branch of the dungeon, and saw 2 of its levels.

You collected 108 gold pieces.

Inventory:

Hand Weapons
 d - a +0 dagger (weapon)
Books
 a - a book of Flames

   Spells                             Type                      Level
   a - Flame Tongue                   Conjuration/Fire             1
   b - Throw Flame                    Conjuration/Fire             2
   c - Conjure Flame                  Conjuration/Fire             3
   d - Inner Flame                    Hexes/Fire                   3
   e - Sticky Flame                   Conjuration/Fire             4
   f - Fireball                       Conjuration/Fire             5
Comestibles
 b - 6 rations


   Skills:
 + Level 0.2 Fighting
 + Level 0.4 Short Blades
 + Level 1.8 Dodging
 + Level 1.8 Stealth
 + Level 0.5 Unarmed Combat
 + Level 2.1 Spellcasting
 + Level 1.1 Conjurations
 + Level 3.8 Fire Magic


You had 3 spell levels left.
You knew the following spells:

 Your Spells              Type           Power        Failure   Level  Hunger
a - Flame Tongue          Conj/Fire      #....        8%          1    #......
b - Throw Flame           Conj/Fire      #.....       12%         2    ###....


Dungeon Overview and Level Annotations

Branches:
Dungeon (2/15)

Altars:

Annotations:
D:2 Sigmund


Innate Abilities, Weirdness & Mutations

Your plain brown scales are hard. (AC +5)
You cannot fit into any form of body armour.
You are cold-blooded and may be slowed by cold attacks.


Message History

A puff of flame appears from out of thin air!
The puff of flame hits you!
You barely miss something. Something hits you!
* * * LOW HITPOINT WARNING * * *
All of the chunks of flesh in your inventory have rotted away.
You barely miss something.
Your tail-slap misses something.
Casting: Flame Tongue
Confirm with . or Enter, or press ? or * to list all spells.
Aiming: Flame Tongue
Press: ? - help, Shift-Dir - straight line The flame tongue hits something.
You are feeling hungry.
Something hits you.
* * * LOW HITPOINT WARNING * * *
Casting: Flame Tongue
Confirm with . or Enter, or press ? or * to list all spells.
Aiming: Flame Tongue
Press: ? - help, Shift-Dir - straight line The flame tongue hits something.
Something hits you!
You die...

#................(...#..###.
#.......#.<....##...........
#.......#......##.##.#######
#.......######.##.##.#
######### #>##.##.#
#.......# ####.####
######### #.#
#######..K{@.(###.######
#.......#####.#........# #
#.#####.# #.#.#.####.# ## ..
#@# #......# #.# ##. ##.#K#
#.#....###.###..
.##....#####.#.............
.........(@...#....###.###..
......#..######.#.## #.# ##.
#........# #.#.####.# ##


You could see a kobold.

Vanquished Creatures
  A dart slug (D:1)
  3 giant cockroaches
  5 goblins
  5 hobgoblins
  3 kobolds
  2 bats (D:1)
  6 frilled lizards
  10 rats
35 creatures vanquished.

Notes
Turn   | Place    | Note
-------+----------+-------------------------------------------
     0 | D:1      | JeffiDaFish the Draconian Fire Elementalist began the quest for the Orb.
     0 | D:1      | Reached XP level 1. HP: 14/14 MP: 3/3
   450 | D:1      | Reached XP level 2. HP: 20/20 MP: 0/5
   472 | D:1      | Learned a level 2 spell: Throw Flame
  1227 | D:2      | Reached XP level 3. HP: 21/26 MP: 2/6
  1566 | D:2      | Noticed Sigmund
  1609 | D:2      | HP: 1/26 [something (1)]
  1610 | D:2      | Mangled by Sigmund

Action                   || total
-------------------------++-------
Melee: Unarmed           ||    18
       Dagger            ||    50
       Tailslap          ||     3
 Cast: Flame Tongue      ||    21
       Throw Flame       ||    13
  Use: Potion            ||     5
       Scroll            ||     1
 Stab: Sleeping          ||     2
  Eat: Chunk             ||     3
Armor: Skin              ||    23
Dodge: Dodged            ||    50
